Map: Pride of Altaris LE

Players

PeakedPlayer - Winner!

  • Race: Zerg Zerg
  • League: Diamond

Chickenman

  • Race: Protoss Protoss
  • League: Diamond

VOD

Have the link to the VOD?

Description

Time

  • Played on: March 2, 2022, 11:32 p.m.
  • Length: 16:37
Show
View Real Time Build Order
Export as new Build Order

PeakedPlayer Zerg - Winner!

Build Orders: Hatch First 

Get SALT Encoding   

  12  0:01  Drone  
  13  0:13  Overlord  
  13  0:21  Drone  
  14  0:31  Drone x2  
  16  0:51  Hatchery  
  16  0:53  Drone  
  16  0:57  Drone  
  16  1:02  Drone  
  18  1:11  Extractor  
  18  1:17  Spawning Pool  
  16  1:20  Drone  
  16  1:24  Drone  
  18  1:29  Drone  
  19  1:43  Drone  
  20  1:50  Overlord  
  20  2:04  Queen x2  
  20  2:05  Zergling x4  
  26  2:17  Metabolic Boost  
  26  2:20  Drone x2  
  28  2:34  Hatchery  
  27  2:38  Drone  
  28  2:45  Drone x2  
  28  2:49  Queen  
  32  2:54  Overlord  
  32  2:58  Drone  
  33  3:03  Drone x2  
  33  3:05  Drone  
  36  3:13  Overlord x2  
  35  3:21  Queen  
  35  3:26  Drone x3  
  40  3:36  Drone x3  
  43  3:50  Drone x2  
  43  3:52  Drone x5  
  43  3:53  Queen  
  52  4:04  Queen  
  52  4:08  Drone x5  
  59  4:19  Spore Crawler  
  59  4:23  Spore Crawler  
  57  4:24  Drone x8  
  57  4:26  Overlord  
  57  4:30  Roach Warren  
  64  4:34  Lair  
  63  4:54  Drone x7  
  63  4:55  Drone x4  
  74  5:04  Overlord x3  
  74  5:10  Extractor  
  74  5:11  Extractor x2  
  74  5:12  Hatchery  
  74  5:13  Extractor  
  69  5:14  Evolution Chamber  
  69  5:16  Evolution Chamber  
  69  5:18  Baneling Nest  
  66  5:23  Drone x9  
  75  5:33  Drone x6  
  81  5:41  Drone  
  81  5:42  Drone  
  83  5:44  Extractor  
  83  5:49  Overlord x2  
  82  5:50  Zerg Missile Weapons Level 1  
  82  5:51  Zerg Melee Weapons Level 1  
  82  5:56  Hydralisk Den  
  81  5:59  Drone x10  
  91  6:11  Centrifugal Hooks  
  91  6:15  Zergling x10  
  91  6:16  Zergling x2  
  97  6:22  Extractor  
  96  6:26  Zergling x14  
  96  6:29  Muscular Augments  
  96  6:30  Overlord x3  
  103  6:43  Hydralisk x7  
  117  6:50  Overlord x2  
  117  6:51  Overlord  
  117  6:59  Hydralisk  
  117  7:00  Hydralisk x6  
  130  7:02  Overlord x2  
  130  7:14  Zergling x8  
  130  7:15  Zergling x4  
  136  7:17  Overseer x2  
  136  7:19  Pneumatized Carapace  
  136  7:22  Zergling x12  
  142  7:30  Overlord  
  142  7:31  Overlord  
  142  7:36  Baneling x9  
  142  7:37  Baneling x7  
  142  7:38  Zergling x14  
  142  7:41  Grooved Spines  
  149  7:52  Hydralisk x3, Baneling x3  
  149  7:53  Hydralisk  
  149  7:55  Zergling x10  
  162  8:05  Zergling x2, Baneling x10  
  162  8:06  Zergling x14  
  170  8:17  Zergling x8  
  173  8:27  Hydralisk x8  
  173  8:30  Zergling x4  
  191  8:41  Hydralisk x4  
  163  9:16  Zergling x2  
  151  9:17  Hydralisk, Zergling x14  
  151  9:18  Hydralisk x11  
  160  9:28  Hydralisk  
  160  9:29  Hydralisk x5  
  162  9:36  Hydralisk x2  
  154  9:39  Hydralisk x4  
  150  9:52  Hydralisk x5, Extractor  
  151  9:57  Hydralisk x2  
  163  10:01  Zergling x4  
  163  10:02  Zergling x8  
  169  10:08  Hydralisk x2  
  169  10:10  Hydralisk  
  169  10:11  Hydralisk  
  177  10:17  Hydralisk x3  
  154  10:43  Hydralisk  
  154  10:44  Hydralisk x9  
  162  10:51  Hydralisk x3  
  162  10:54  Zergling x2  
  162  10:55  Zergling x16  
  167  11:06  Zergling x4  
  167  11:11  Zergling x12  
  167  11:49  Hydralisk x4  
  167  14:08  Zerg Missile Weapons Level 2, Zerg Melee Weapons Level 2  
  167  14:28  Hatchery  
  167  14:37  Hatchery  
  167  14:59  Baneling x15  
  167  15:00  Baneling x19  
  167  15:02  Hydralisk  
  167  15:04  Overlord x4  
  167  15:05  Overlord x2  
  167  15:29  Extractor  
  167  15:32  Extractor  
  167  15:33  Baneling x9  
  167  15:34  Hydralisk x6  
  167  15:35  Hydralisk x3  
  167  15:57  Hatchery  
  167  15:58  Spore Crawler  
  167  15:59  Hatchery  
Show
View Real Time Build Order
Export as new Build Order

Chickenman Protoss 

Build Orders: 1 Gate Expand, Oracle Opening 

Get SALT Encoding   

  12  0:00  Probe  
  13  0:12  Probe  
  14  0:20  Pylon  
  14  0:24  Probe  
  15  0:38  Probe (Chrono Boost)  
  15  0:40  Gateway  
  16  0:47  Probe (Chrono Boost)  
  16  0:49  Assimilator  
  17  0:53  Probe  
  18  1:05  Probe  
  19  1:17  Probe  
  20  1:29  Nexus  
  20  1:47  Cybernetics Core  
  20  1:51  Probe  
  20  1:53  Assimilator  
  21  1:56  Pylon  
  21  2:03  Probe  
  22  2:15  Probe  
  23  2:23  Adept (Chrono Boost), Stargate  
  23  2:27  Probe  
  23  2:28  Warp Gate  
  26  2:39  Probe  
  26  2:42  Probe  
  28  2:45  Adept  
  30  2:54  Gateway  
  30  3:01  Probe x2  
  30  3:02  Void Ray (Chrono Boost)  
  36  3:35  Nexus  
  36  3:37  Pylon  
  36  3:42  Oracle (Chrono Boost)  
  36  3:43  Probe x2  
  42  3:55  Probe (Chrono Boost)  
  42  4:01  Shield Battery  
  42  4:03  Probe (Chrono Boost)  
  42  4:07  Probe (Chrono Boost)  
  42  4:08  Assimilator  
  44  4:10  Assimilator  
  44  4:13  Probe (Chrono Boost)  
  44  4:15  Probe (Chrono Boost), Forge  
  46  4:22  Stargate  
  46  4:26  Probe x2  
  48  4:38  Protoss Air Weapons Level 1 (Chrono Boost), Probe x2  
  50  4:50  Probe x2  
  52  4:56  Probe  
  53  5:02  Probe x2  
  55  5:08  Probe  
  56  5:24  Probe x3  
  56  5:27  Pylon  
  59  5:29  Pylon, Void Ray x2 (Chrono Boost)  
  59  5:33  Robotics Facility  
  59  5:34  Photon Cannon  
  67  5:47  Photon Cannon  
  67  5:49  Gateway  
  67  5:50  Gateway  
  67  5:57  Gateway  
  67  5:59  Pylon  
  67  6:00  Probe  
  67  6:01  Probe x2  
  67  6:03  Void Ray (Chrono Boost)  
  67  6:04  Void Ray (Chrono Boost)  
  70  6:13  Probe x3  
  70  6:17  Fleet Beacon  
  81  6:19  Pylon  
  81  6:24  Pylon  
  81  6:26  Observer (Chrono Boost)  
  81  6:32  Probe x3  
  85  6:41  Void Ray x2 (Chrono Boost)  
  93  6:55  Pylon  
  93  6:58  Probe x3, Assimilator x2, Immortal (Chrono Boost)  
  100  7:09  Void Ray (Chrono Boost)  
  100  7:19  Void Ray (Chrono Boost)  
  100  7:21  Stalker  
  100  7:22  Stalker x2  
  114  7:23  Stalker  
  114  7:27  Pylon  
  116  7:32  Shield Battery  
  116  7:34  Photon Cannon  
  116  7:36  Protoss Ground Weapons Level 1 (Chrono Boost)  
  115  7:37  Photon Cannon  
  115  7:39  Pylon  
  115  7:41  Probe x2  
  117  7:45  Probe, Immortal  
  122  7:53  Probe x2, Pylon  
  122  7:57  Probe, Shield Battery  
  125  7:59  Photon Cannon  
  125  8:25  Carrier x2 (Chrono Boost)  
  125  8:31  Adept  
  125  8:32  Adept  
  141  8:38  Pylon  
  141  8:39  Pylon  
  141  8:49  Photon Cannon  
  141  8:52  Photon Cannon  
  141  8:53  Shield Battery  
  141  8:54  Pylon  
  145  9:06  Stalker x4  
  109  9:20  Probe x3  
  109  9:23  Zealot  
  84  9:32  Probe x3, Stalker x2  
  84  9:44  Probe, Carrier (Chrono Boost)  
  84  9:45  Photon Cannon  
  81  9:47  Photon Cannon  
  81  9:48  Shield Battery, Photon Cannon  
  81  9:50  Shield Battery  
  81  9:51  Pylon  
  87  9:54  Pylon  
  87  9:56  Probe x3  
  90  10:11  Adept, Carrier (Chrono Boost)  
  92  10:17  Sentry  
  92  10:18  Sentry  
  102  10:33  Sentry  
  100  10:47  Stalker x2  
Tags
 
Add a new tag
Caveats
  • Supply blocks, unpowered buildings, or Contaminate may cause inaccurate times.
  • Supply counts are checked every 10 seconds.